← All builds
Front / Cortex / Economy first / OBSERVED BUILD

Standard front

Cortex Front build order · Supreme Isthmus

Standard economy-first Front play: Bot Lab immediately, Advanced Metal Extractor around 9:23, then a mixed Thug/Grunt/Aggravator army sent up to defend the wider gap and move to middle as a line.

#eco #team support · 450 distinct matches · 138 players · 65% of Cortex Front games · team won 51% of 467 · Recently observed

HOW TO PLAY IT

Key timing: Bot Lab by 0:40

  1. Open 2 mex into early Bot Lab.
  2. Finish Bot Lab and start Thug, Grunt, Aggravator mix.
  3. Send first units to coast to stop leaks, not straight to mid.
  4. Transition into Advanced Metal Extractor as eco scales.
  5. Move units up as a line toward middle to hold the wider gap.

Phase by phase

TYPICAL OF ITS 450 GAMES
  1. 1
  2. 2
  3. 3
PLAY THE OPENING

Follow the example game's first 6:00 step by step: what to build now, what comes next, and where it goes. At 1× it keeps pace with your own game.

  1. 1

    Up to the Bot Lab

    Economy
    • Metal Extractor2Mex
    Order
    1. Bot LabBot Lab after 2 mexdone ~0:40, middle half 0:34–0:46

    Some games also: wind (41%)

    By 0:23 in all: 2 mex

    The example game in this phase · 2 steps
    1. Mex ×2
    2. Bot LabBot Labfor Geodone 0:34 · typical 0:40
  2. 2

    Bot Lab to 5:00

    Economy
    • Metal Extractor4Mex
    • Wind Turbine4Wind
    Builders
    • Construction Bot3 Con bot
    • Graverobber2 Graverobber
    Army
    • Guard2 Guard
    • Thug9 Thug
    • Aggravator5 Aggravator
    • Grunt4 Grunt

    Some games also: con turret (45%) · Radar Tower (34%)

    By 5:00 in all: 6 mex · 5 wind

    The example game in this phase · 22 steps
    1. GruntGrunt ×3
    2. GraverobberGraverobber
    3. Construction BotCon bot
    4. Mex
    5. ThugThug
    6. Mex
    7. ThugThug ×3
    8. Mex
    9. ThugThug
    10. GraverobberGraverobber
    11. Mex
    12. Construction BotCon bot
    13. ThugThug
    14. GuardGuard
    15. ThugThug ×4
    16. GraverobberGraverobber
    17. Construction BotCon botfor Geo
    18. ThugThug ×5
    19. GraverobberGraverobber
    20. Construction BotCon bot
    21. ThugThug
    22. Con turret
  3. 3

    5:00 to 10:00

    Economy
    • Metal Extractor1Mex
    • Wind Turbine17Wind
    Builders
    • Construction Turret2 Con turret
    • Graverobber2 Graverobber
    • Construction Bot1 Con bot
    Army
    • Guard1 Guard
    • Grunt8 Grunt
    • Thug4 Thug
    • Aggravator1 Aggravator

    Some games also: Radar Tower (43%) · energy storage (36%) · converter (36%) · Twin Guard (33%) · eat Bot Lab (37%)

    By 10:00 in all: 7 mex · 24 wind · 3 con turret

    The example game in this phase · 69 steps
    1. ThugThug ×2
    2. Wind
    3. ThugThug
    4. Wind
    5. ThugThug
    6. Wind
    7. GraverobberGraverobber
    8. Wind
    9. Construction BotCon botfor Geo
    10. Wind
    11. ThugThug
    12. Wind
    13. ThugThug
    14. Wind
    15. ThugThug
    16. Wind
    17. ThugThug
    18. Wind
    19. ThugThug
    20. Radar TowerRadar Tower
    21. Wind
    22. GraverobberGraverobber
    23. Wind
    24. ThugThug
    25. Wind
    26. ThugThug
    27. Wind
    28. ThugThugfor Geo
    29. Con turretfor Geo
    30. ThugThugfor Geo
    31. Wind
    32. RocketeerRocketeer
    33. Energy storagefor Geo
    34. ThugThugfor Geo
    35. Advanced Metal ExtractorT2 mexfor Geodone 10:46 · typical 9:23
    36. Wind
    37. GraverobberGraverobberfor Geo
    38. Mex
    39. Wind ×2
    40. ThugThugfor Geo
    41. GuardGuardfor Geo
    42. Wind ×2
    43. ThugThug
    44. Wind
    45. GraverobberGraverobber
    46. GruntGrunt
    47. Wind
    48. GruntGrunt
    49. Wind ×5
    50. GruntGrunt ×6
    51. Advanced Metal ExtractorT2 mexfor Geo
    52. GruntGrunt ×3
    53. Mex
    54. GruntGrunt ×3
    55. Advanced Metal ExtractorT2 mex
    56. GruntGrunt ×3
    57. Wind
    58. GruntGrunt
    59. Wind
    60. GruntGrunt
    61. Wind
    62. GruntGrunt
    63. Windfor Geo
    64. GruntGrunt ×2
    65. Windfor Geo
    66. GruntGrunt ×3for Geo
    67. Windfor Geo
    68. GruntGrunt ×2for Geo
    69. Windfor Geo

Counts are medians over the build's games: half of them build more, half fewer. The example game is [MADO]SovietRabbit's (34 OS, 08/10/2026); pick another.

Team trades

IN AT LEAST 30% OF ITS GAMES

You hand over

Nothing regular.

You get

  • Tidal Generator4 Tidal from Pondfirst at 0:17 · in 65% of games
  • Advanced Construction Bot1 T2 con bot from Geo or Techfirst at 7:46 · in 62% of games

How it plays out

Typical game of this build, running totals by minute

Metal produced

010k20k30k
0:005:0010:0015:00

metal

Enemy metal destroyed

02.5k5k7.5k
0:005:0010:0015:00

metal

Own metal lost

05k10k
0:005:0010:0015:00

metal

467 games.

Show as table
ByMetal produced: This buildEnemy metal destroyed: This buildOwn metal lost: This build
1:0033100
2:0085600
3:00162810286
4:002710390344
5:003850920840
6:00510815871557
7:00638923652476
8:00773231243394
9:00915338324309
10:001080045375079
11:001265852035989
12:001454156816934
13:001681562017643
14:001900866498561
15:002063772469322
WHAT THE NUMBERS SAY

Standard front play wins less than half its games, with losses slightly outpacing kills through the first 15 minutes.

  • + Kills reach 7200 by 15:00 despite the safer starting position.
  • + T2 constructor reached in 85% of games, solid tech follow-through.
  • − Team wins under half of games (45%), the weakest shown here.
  • − Own metal lost (9484) exceeds enemy metal destroyed (7200) by 15:00.
THE EXAMPLE YOU ARE READING

[MADO]SovietRabbit

34.4 OS · 08/10/2026

Open source match ↗

5 received units · includes a constructor
523 metal received · 39223 energy received

Allied construction assistance is unknown. Timings are observations, not a promise of solo reproducibility.

Typical milestones

Bot Lab0:40Middle 50%: 0:34–0:46 · n=454
Advanced Metal Extractor9:23Middle 50%: 8:19–10:45 · n=343

Played most by

iLike2Eco31games of this buildTheGeneraI27games of this buildSauceDispenser27games of this buildwatermeloans19games of this buildEl_Turco15games of this build